[Event "*** SCC Grand Prix: Titled Tuesday Blitz"]
[Site "Chess.com"]
[Date "2020.08.25"]
[Round "4"]
[White "BJthechessgod"]
[Black "gagtemp"]
[Result "1-0"]
[WhiteElo "2214"]
[BlackElo "1950"]
[TimeControl "180+1"]
[EndTime "10:40:26 PDT"]
[Termination "BJthechessgod won by checkmate"]

1. e4 d5 2. exd5 Qxd5 3. Nc3 Qd6 4. d4 Nf6 5. Nf3 a6 6. Be2 Nbd7 7.
O-O e6 8. Re1 c5 9. d5 Be7 10.
dxe6 fxe6 11. Qxd6 Bxd6 12. Bc4 O-O 13. Bxe6+ Kh8 14.
Bg5 b5 15. Rad1 Bc7 16. Bxd7 Nxd7 17. Re7 Bd8 18. Rdxd7 Bxd7 19. Rxd7 Bxg5 20. Nxg5 b4 21. Nce4 h6 22. Ne6 Rfe8 23. N4xc5 Rac8 24. Kf1 Rc6 25. Nxg7 Rec8 26. Nce6 Rxc2 27. Nf5 Rc1+ 28. Ke2 R1c2+ 29. Kf3 Rf8 30. Nxf8 Rxb2 31. Ng6+ Kg8 32.
Nxh6# 1-0

[Event "*** SCC Grand Prix: Titled Tuesday Blitz"]
[Site "Chess.com"]
[Date "2020.08.25"]
[Round "4"]
[White "juancruzarias"]
[Black "FearNoEvil12"]
[Result "1-0"]
[WhiteElo "2365"]
[BlackElo "1966"]
[TimeControl "180+1"]
[EndTime "10:40:27 PDT"]
[Termination "juancruzarias won by resignation"]

1. e4 a6 2. d4 b5 3. Bd3 Bb7 4. Nf3 e6 5. O-O Nf6 6. Re1 d6 7.
Bg5 h6 8. Bh4 g5 9. Bg3 Nbd7 10.
c4 bxc4 11. Bxc4 Nxe4 12. d5 Nxg3 13. dxe6 fxe6 14. Rxe6+ Be7 15. hxg3 Nc5 16. Re1 Bc8 17. Nd4 Qd7 18. Be6 Nxe6 19. Qh5+ Kf8 20. Nxe6+ Qxe6 21. Rxe6 Bxe6 22. Nc3 Bf7 23. Qf3 Kg7 24. Re1 Bf6 25. Nd5 Bxd5 26. Qxd5 Rae8 27. Rxe8 Rxe8 28. b3 Re7 29.
Qa5 Bd4 30. Qxa6 Re1+ 31. Kh2 Bxf2 32. Qc4 Bg1+ 33. Kh3 Bc5 34. Qc3+ 1-0

[Event "*** SCC Grand Prix: Titled Tuesday Blitz"]
[Site "Chess.com"]
[Date "2020.08.25"]
[Round "4"]
[White "Sacbutt"]
[Black "RU_B9"]
[Result "1-0"]
[WhiteElo "2196"]
[BlackElo "1821"]
[TimeControl "180+1"]
[EndTime "10:40:27 PDT"]
[Termination "Sacbutt won by resignation"]

1. d4 Nf6 2. c4 e6 3. Nf3 d5 4. Nc3 Bb4 5. Bd2 O-O 6. e3 b6 7. cxd5 exd5 8. Bd3 Re8 9. O-O Ba6 10. Bxa6 Nxa6 11.
a3 Bd6 12. b4 c6 13. Rc1 Nc7 14. Qb3 Qe7 15. Rfe1 Ne4 16. Nxe4 dxe4 17. Ne5 Bxe5 18. dxe5 Qxe5 19. Rxc6 Ne6 20. Rec1 Rad8 21. Bc3 Qd5 22. Qxd5 Rxd5 23. Kf1 h5 24. Ke2 h4 25. Rd1 Rxd1 26. Kxd1 Rd8+ 27. Ke2 Kf8 28. Rc4 f5 29. Be5 Kf7 30.
Rc6 g5 31. a4 Ke7 32. a5 bxa5 33.
bxa5 Rd7 34. f3 exf3+ 35. gxf3 Rb7 36. a6 Rb5 37. Bc3 Rc5 38. Bb4 Kd7 39. Rxc5 1-0

[Event "*** SCC Grand Prix: Titled Tuesday Blitz"]
[Site "Chess.com"]
[Date "2020.08.25"]
[Round "4"]
[White "karwowskikacper"]
[Black "binbin239"]
[Result "1/2-1/2"]
[WhiteElo "2418"]
[BlackElo "2587"]
[TimeControl "180+1"]
[EndTime "10:40:29 PDT"]
[Termination "Game drawn - insufficient material"]

1. e4 c5 2. Nf3 Nc6 3. Nc3 g6 4. d4 cxd4 5. Nxd4 Bg7 6. Nb3 Nf6 7. Be2 O-O 8. O-O d6 9. Bg5 Be6 10. Kh1 Rc8 11. f4 a6 12. Bf3 b5 13. e5 dxe5 14. Bxc6 Rxc6 15. Qxd8 Rxd8 16. fxe5 Ng4 17. Bxe7 Rd7 18.
Bf6 Nxe5 19. Bxg7 Kxg7 20. Rad1 Rcd6 21. Nc5 Rxd1 22. Rxd1 Rxd1+ 23. Nxd1 Bxa2 24. Nxa6 Bb1 25. Nb4 Nc4 26. Nc3 Bxc2 27. Nxc2 Nxb2 28. Nxb5 Nd3 29. Nbd4 f5 30. Nf3 Kf6 31. Nce1 Nf4 32. Kg1 g5 33. Nc2 h5 34. Ne3 g4 35. Nd4 Ke5 36.
Ndxf5 Ke4 37. g3 Nd3 38. Kg2 Ne1+ 39. Kf1 Nf3 40. Kg2 Ne1+ 41. Kf2 Nf3 42. h4 gxh3 43. Nd6+ Ke5 44. Kxf3 Kxd6 45. Kf2 Ke5 46. Kg1 Ke4 47. Nc4 Kf3 48. Kh2 Kg4 49. Ne5+ Kf5 50. Nd3 Kg4 51. Nf2+ Kf3 52. Nd1 h4 53. gxh4 Kg4 54.
Nf2+ Kxh4 55. Nxh3 1/2-1/2

[Event "*** SCC Grand Prix: Titled Tuesday Blitz"]
[Site "Chess.com"]
[Date "2020.08.25"]
[Round "4"]
[White "ChristopherYoo"]
[Black "eightbyeightchess"]
[Result "1-0"]
[WhiteElo "2829"]
[BlackElo "2436"]
[TimeControl "180+1"]
[EndTime "10:40:29 PDT"]
[Termination "ChristopherYoo won by resignation"]

1. e4 d5 2. exd5 Nf6 3. d4 Bg4 4. Be2 Bxe2 5. Qxe2 Qxd5 6. Nf3 Nc6 7. c4 Qf5 8. O-O O-O-O 9. d5 Nb4 10. Nc3 e6 11. a3 Nc2 12. Ra2 exd5 13. cxd5 Bc5 14. Qc4 Bb6 15. b4 Rhe8 16. Na4 Nxd5 17. Rxc2 c6 18. b5 Re4 19. Qb3 Qg6 20. bxc6 bxc6 21.
Bd2 Kb7 22. Nc5+ Kc7 23. Nxe4 Qxe4 24. Rfc1 Rd6 25. Qb5 Ne7 26. Qe5 Qg4 27. Qxe7+ Rd7 28. Qe5+ Kd8 29. Rxc6 Bc7 30. Rxc7 1-0

[Event "*** SCC Grand Prix: Titled Tuesday Blitz"]
[Site "Chess.com"]
[Date "2020.08.25"]
[Round "4"]
[White "chessfrendz"]
[Black "ditkin25"]
[Result "0-1"]
[WhiteElo "2236"]
[BlackElo "2433"]
[TimeControl "180+1"]
[EndTime "10:40:29 PDT"]
[Termination "ditkin25 won by resignation"]

1. d4 Nf6 2. c4 g6 3. Nc3 Bg7 4. e4 d6 5. Nf3 O-O 6. Be2 c5 7.
d5 e6 8. O-O exd5 9. exd5 Re8 10. h3 Bf5 11. Bg5 h6 12. Be3 Ne4 13. Nxe4 Bxe4 14.
Qd2 Kh7 15. Nh2 Nd7 16. Rae1 b5 17. b3 bxc4 18. Bxc4 Ne5 19. Bb5 Re7 20. f3 Bf5 21. g4 Bd7 22. Bxd7 Nxd7 23. Bf2 Rxe1 24. Rxe1 Qf8 25.
Kg2 Re8 26. Rxe8 Qxe8 27. Nf1 Qe5 28. Ng3 Nf6 29. Qa5 Nxd5 30. Qxa7 Nf4+ 31. Kh2 Qd5 32. Qa4 Qxf3 33. Qe4 Qxf2+ 0-1

[Event "*** SCC Grand Prix: Titled Tuesday Blitz"]
[Site "Chess.com"]
[Date "2020.08.25"]
[Round "4"]
[White "Borsuk_Konstantin"]
[Black "viniciusrego"]
[Result "1-0"]
[WhiteElo "2547"]
[BlackElo "2236"]
[TimeControl "180+1"]
[EndTime "10:40:30 PDT"]
[Termination "Borsuk_Konstantin won on time"]

1. d4 Nf6 2. c4 e6 3. Nc3 Bb4 4. Qc2 d5 5. cxd5 exd5 6. Bg5 O-O 7. e3 c5 8. a3 Bxc3+ 9. Qxc3 cxd4 10. Qxd4 Nc6 11.
Qf4 d4 12. Bxf6 gxf6 13. O-O-O Be6 14. exd4 Rc8 15. Kb1 Qb6 16. Rd3 Ne7 17. Rg3+ Ng6 18. Ne2 Rc7 19. h4 Qc6 20. Qd2 Qd5 21. b3 Kh8 22. h5 Ne7 23. Qh6 1-0

[Event "*** SCC Grand Prix: Titled Tuesday Blitz"]
[Site "Chess.com"]
[Date "2020.08.25"]
[Round "4"]
[White "Slovak_fighter2000"]
[Black "MVM2008"]
[Result "1-0"]
[WhiteElo "2421"]
[BlackElo "2219"]
[TimeControl "180+1"]
[EndTime "10:40:31 PDT"]
[Termination "Slovak_fighter2000 won on time"]

1. Nf3 Nf6 2. b3 g6 3. Bb2 Bg7 4. c4 c5 5. g3 b6 6. Bg2 Bb7 7. O-O O-O 8. Nc3 Nc6 9. e3 d5 10. cxd5 Nxd5 11. Qe2 e5 12. Rfd1 Ndb4 13. Ne1 Ba6 14.
d3 Bb7 15. a3 Na6 16. Nc2 Re8 17. b4 Nc7 18. bxc5 bxc5 19. Ne4 Ne6 20. Nd2 Rb8 21. Nc4 Na5 22. Bc3 Nxc4 23. dxc4 Nd4 24. Bxd4 exd4 25. Bxb7 Rxb7 26. Qf3 Rd7 27. exd4 cxd4 28. Nb4 d3 29.
Rab1 d2 30. Nd5 Qa5 31. Kg2 h6 32. Qd3 Rdd8 33. Qxd2 Kh7 34. Qxa5 1-0

[Event "*** SCC Grand Prix: Titled Tuesday Blitz"]
[Site "Chess.com"]
[Date "2020.08.25"]
[Round "4"]
[White "Siri20"]
[Black "BogdanDeac"]
[Result "1-0"]
[WhiteElo "2718"]
[BlackElo "2842"]
[TimeControl "180+1"]
[EndTime "10:40:32 PDT"]
[Termination "Siri20 won by resignation"]

1. e4 c6 2. d4 d5 3. Nc3 a6 4. Nf3 Bg4 5. Be2 e6 6. O-O Nf6 7. h3 Bh5 8. Ne5 Bxe2 9. Qxe2 Be7 10. Bf4 O-O 11. Rad1 Qb6 12. Rd3 Rd8 13. Rfd1 Nbd7 14. Nxd7 Rxd7 15. e5 Ne8 16. b3 Qa5 17. Bd2 Bb4 18.
h4 c5 19. dxc5 Qxc5 20. Na4 Qa5 21. c3 Be7 22. c4 Qd8 23. Be3 Rb8 24. Nb6 Nc7 25. Nxd7 Qxd7 26. Bb6 Bxh4 27. Bxc7 Qxc7 28. cxd5 exd5 29. Rxd5 Re8 30. Qh5 Be7 31. e6 Rf8 32.
Rd7 Qc5 33. Qxc5 Bxc5 34. exf7+ Rxf7 35. Rxf7 Kxf7 36. Rd7+ Kf6 37. Rxb7 h5 38. Rc7 Bb4 39.
Rc6+ Ke5 40. Rxa6 1-0

[Event "*** SCC Grand Prix: Titled Tuesday Blitz"]
[Site "Chess.com"]
[Date "2020.08.25"]
[Round "4"]
[White "r31415"]
[Black "Kingfisher246"]
[Result "1-0"]
[WhiteElo "2457"]
[BlackElo "1539"]
[TimeControl "180+1"]
[EndTime "10:40:32 PDT"]
[Termination "r31415 won on time"]

1. d4 d5 2. c4 e6 3. Nf3 c6 4.
Nbd2 Nf6 5. g3 Be7 6. Bg2 O-O 7. O-O b6 8. b3 Bb7 9. Qc2 Na6 10. a3 Rc8 11. e4 c5 12. exd5 exd5 13. Rd1 dxc4 14.
Nxc4 Nd5 15. Bb2 Qc7 16. Rac1 Bf6 17. Qf5 Ne7 18. Qh5 Qb8 19. Nce5 cxd4 20. Nd7 Qd6 21. Nxf8 Rxf8 22. Bxd4 Bxd4 23. Rxd4 Bxf3 24. Rxd6 Bxh5 25. Rd7 Ng6 26. Rxa7 Nc5 27. b4 Nd3 28. Rc6 Re8 29. Bf1 Re1 30. Ra8+ Nf8 31. Rcc8 g5 32. Rxf8+ Kg7 33.
Rg8+ Kh6 34. Rge8 Ra1 35. Rad8 Bg4 36. Rd6+ 1-0

[Event "*** SCC Grand Prix: Titled Tuesday Blitz"]
[Site "Chess.com"]
[Date "2020.08.25"]
[Round "4"]
[White "fish7728"]
[Black "Makswolf200817"]
[Result "1-0"]
[WhiteElo "2197"]
[BlackElo "2395"]
[TimeControl "180+1"]
[EndTime "10:40:33 PDT"]
[Termination "fish7728 won by checkmate"]

1. d4 d5 2. c4 e6 3. Nc3 c6 4. cxd5 exd5 5. Nf3 Nf6 6. Bg5 Be7 7. e3 Bf5 8. h3 O-O 9. g4 Bg6 10. Ne5 Nbd7 11. Nxg6 fxg6 12. Qc2 b5 13. Bd3 Qa5 14. O-O Rae8 15. a3 Bd6 16. b4 Qc7 17. f3 h6 18.
Bxf6 Rxf6 19. e4 Qb6 20. Ne2 Ref8 21. Kg2 dxe4 22. fxe4 Rxf1 23. Rxf1 Qa6 24. Qb3+ Kh7 25. e5 Be7 26. Rf7 Re8 27. Qe6 Nf8 28. Rxf8 Rxf8 29.
Qxg6+ Kg8 30. e6 Rf2+ 31. Kxf2 Bh4+ 32. Kg2 Bf6 33. Qf7+ Kh8 34. Qf8# 1-0

[Event "*** SCC Grand Prix: Titled Tuesday Blitz"]
[Site "Chess.com"]
[Date "2020.08.25"]
[Round "4"]
[White "Sanan_Sjugirov"]
[Black "RenarddesSurfaces"]
[Result "0-1"]
[WhiteElo "2844"]
[BlackElo "2540"]
[TimeControl "180+1"]
[EndTime "10:40:35 PDT"]
[Termination "RenarddesSurfaces won on time"]

1. e4 d6 2. d4 Nf6 3. Nc3 Nbd7 4. Nf3 e5 5. Bc4 Be7 6. O-O O-O 7. a4 c6 8. Ba2 b6 9. Re1 Bb7 10. h3 a6 11. Be3 b5 12. axb5 axb5 13. b4 d5 14. dxe5 Nxe4 15. Nxe4 dxe4 16. e6 exf3 17. exd7 Bxb4 18.
Bd2 Bxd2 19. Qxd2 c5 20. Bxf7+ Kxf7 21. Rxa8 Bxa8 22. Qd6 Qf6 23. Qc7 Rd8 24. Qa7 fxg2 25. Qxc5 Bc6 0-1

[Event "*** SCC Grand Prix: Titled Tuesday Blitz"]
[Site "Chess.com"]
[Date "2020.08.25"]
[Round "4"]
[White "x-0414717230"]
[Black "talman67"]
[Result "0-1"]
[WhiteElo "2711"]
[BlackElo "2509"]
[TimeControl "180+1"]
[EndTime "10:40:35 PDT"]
[Termination "talman67 won by resignation"]

1. d4 Nf6 2. c4 e6 3. Nf3 d5 4. Nc3 c5 5. cxd5 Nxd5 6. e3 Nxc3 7. bxc3 Be7 8. Bd3 O-O 9. O-O Qc7 10. c4 b6 11. d5 Bf6 12. Rb1 exd5 13. cxd5 Bg4 14. h3 Bh5 15. g4 Bg6 16. e4 Nd7 17. h4 Rfe8 18. Re1 h5 19. g5 Be5 20. Nxe5 Nxe5 21. Bf4 Qd7 22. Bg3 Nxd3 23. Qxd3 Qg4 24. Rbd1 Bxe4 25.
Rxe4 Rxe4 26. Qb3 Rae8 27. Kg2 Rd4 28. Rxd4 Qxd4 29. d6 c4 30. Qf3 Qe4 31. Qxe4 Rxe4 32. Kf3 Rd4 33. Ke3 Rd5 34. Ke4 Rd1 35. Be5 c3 36.
Bxc3 Rxd6 37. f4 g6 38. f5 Rc6 39. Bd4 Rc4 40. fxg6 fxg6 41. Kd5 Ra4 42. Bxb6 Rxa2 43. Be3 Kf7 44. Kc6 Ra4 45. Bf2 Ke6 46. Kb7 Kf5 47. Bxa7 Rxa7+ 48. Kxa7 Kg4 49. Kb6 Kxh4 50. Kc6 Kxg5 51. Kd5 Kg4 52. Ke4 g5 0-1

[Event "*** SCC Grand Prix: Titled Tuesday Blitz"]
[Site "Chess.com"]
[Date "2020.08.25"]
[Round "4"]
[White "Alexander_Moskalenko"]
[Black "olksuna"]
[Result "1/2-1/2"]
[WhiteElo "2777"]
[BlackElo "2629"]
[TimeControl "180+1"]
[EndTime "10:40:36 PDT"]
[Termination "Game drawn by repetition"]

1. c4 e6 2. Nc3 d5 3. d4 c6 4. e3 Nf6 5. Nf3 a6 6. b3 Bb4 7.
Bd2 Qe7 8. Bd3 O-O 9. O-O Nbd7 10. Qc2 Re8 11. a3 Bd6 12. c5 Bc7 13. e4 dxe4 14.
Nxe4 h6 15. b4 Nxe4 16. Bxe4 e5 17. Rfe1 Qf8 18. Bf5 exd4 19. Rxe8 Qxe8 20. Re1 Qf8 21. Nxd4 Nf6 22. Bc3 Nd5 23. Bb2 Bxf5 24. Nxf5 Re8 25. Re4 f6 26. g3 Qf7 27. Qe2 Rxe4 28. Qxe4 h5 29. Bc1 Kf8 30. Bd2 Be5 31. Qf3 g6 32. Bh6+ Kg8 33. Nd6 Bxd6 34. cxd6 Qe6 35. Bf4 Kf7 36.
h4 Ke8 37. Qd3 Qf5 38. Qd4 Nxf4 39. gxf4 Kd7 40. Qb6 Qg4+ 41. Kf1 Qd1+ 42. Kg2 Qg4+ 43. Kf1 Qd1+ 44. Kg2 Qg4+ 45. Kf1 1/2-1/2

[Event "*** SCC Grand Prix: Titled Tuesday Blitz"]
[Site "Chess.com"]
[Date "2020.08.25"]
[Round "4"]
[White "Khazieva_Elza"]
[Black "Spriteball"]
[Result "1-0"]
[WhiteElo "2420"]
[BlackElo "2216"]
[TimeControl "180+1"]
[EndTime "10:40:36 PDT"]
[Termination "Khazieva_Elza won by resignation"]

1. e4 e5 2. Nf3 Nc6 3. d3 Nf6 4. g3 d5 5. exd5 Nxd5 6. Bg2 Bd6 7. O-O O-O 8. Re1 f5 9. Bg5 Nf6 10. Nbd2 h6 11. Bxf6 Qxf6 12. Nc4 Bd7 13. c3 Rae8 14. Qb3 Be6 15. Qxb7 Ne7 16. Nxd6 cxd6 17. Qxa7 Bd5 18. Qa4 f4 19. Rf1 Nf5 20. Nd2 Bxg2 21. Kxg2 Qg6 22. Qe4 d5 23. Qxd5+ Kh7 24. Qe4 Kh8 25. a4 Qh5 26. Qf3 Qg5 27. Kh1 fxg3 28. Ne4 Qe7 29. fxg3 Nd4 30. Qg2 Nb3 31. Rae1 Qd7 32. Rxf8+ Rxf8 33. Rf1 Ra8 34. Nc5 Rb8 35. Nxd7 1-0

[Event "*** SCC Grand Prix: Titled Tuesday Blitz"]
[Site "Chess.com"]
[Date "2020.08.25"]
[Round "4"]
[White "markberk"]
[Black "chesstatour"]
[Result "1-0"]
[WhiteElo "2358"]
[BlackElo "1892"]
[TimeControl "180+1"]
[EndTime "10:40:38 PDT"]
[Termination "markberk won on time"]

1. Nf3 f5 2. d3 d5 3. d4 Nf6 4. c4 e6 5. Nc3 Bb4 6. Qb3 a5 7. Bg5 c6 8. e3 O-O 9. Be2 Qe8 10.
Bxf6 Rxf6 11. O-O Nd7 12. a3 Bd6 13. Rac1 Rh6 14. cxd5 cxd5 15. Nxd5 Bxh2+ 16. Nxh2 exd5 17. Qxd5+ Kh8 18. Qxf5 Nf6 19. Qe5 Qg6 20. Qg3 Qe8 21. Rc7 Rg6 22. Qe5 Qd8 23. Rfc1 Ne8 24. Re7 Nf6 25. Bf3 Bh3 26. Nf1 Bxg2 27. Bxg2 Nd7 28. Qe4 1-0

[Event "*** SCC Grand Prix: Titled Tuesday Blitz"]
[Site "Chess.com"]
[Date "2020.08.25"]
[Round "4"]
[White "Vamostodorecto"]
[Black "annacramling"]
[Result "1-0"]
[WhiteElo "2330"]
[BlackElo "2124"]
[TimeControl "180+1"]
[EndTime "10:40:40 PDT"]
[Termination "Vamostodorecto won by checkmate"]

1. d4 Nf6 2. c4 e6 3. Nc3 Bb4 4. Nf3 b6 5. Bg5 Bb7 6. e3 O-O 7. Bd3 h6 8. Bh4 d5 9. cxd5 exd5 10. Ne5 Nbd7 11. Nxd7 Qxd7 12. Bxf6 gxf6 13. Qh5 Kg7 14. Bf5 Qe7 15. Qg4+ Kh8 16. Qh4 Kg7 17. O-O Rg8 18. Rae1 Bxc3 19. bxc3 Rae8 20. f4 Rh8 21. Rf3 Reg8 22. e4 dxe4 23. Bxe4 Bxe4 24. Rfe3 Qd8 25. Rxe4 f5 26. Re7 Re8 27. Qg3+ Kf6 28. Qh4+ Kg7 29.
g4 Rxe7 30. Rxe7 fxg4 31. f5 Re8 32. f6+ Kf8 33. Qxh6+ Kg8 34. Qg7# 1-0

[Event "*** SCC Grand Prix: Titled Tuesday Blitz"]
[Site "Chess.com"]
[Date "2020.08.25"]
[Round "4"]
[White "tteshan"]
[Black "Mikhail_Golubev"]
[Result "0-1"]
[WhiteElo "2334"]
[BlackElo "2620"]
[TimeControl "180+1"]
[EndTime "10:40:41 PDT"]
[Termination "Mikhail_Golubev won by resignation"]

1. e4 c5 2. c3 d6 3. d4 Nf6 4. dxc5 Nc6 5. cxd6 Nxe4 6. Bd3 Nxd6 7. Ne2 g6 8. O-O Bg7 9. Na3 O-O 10. Re1 Ne5 11. Bc2 Bf5 12. Bxf5 Nxf5 13. Nf4 Qxd1 14. Rxd1 Rfd8 15. Be3 Nxe3 16. fxe3 e6 17. Nb5 Kf8 18. h4 Ng4 19. Nc7 Rxd1+ 20. Rxd1 Rc8 21. Rd7 Kg8 22. Nb5 Nxe3 23. Nxa7 Ra8 24. Rxb7 Nd1 25. b3 Nxc3 26. a4 Bd4+ 27. Kf1 Rxa7 28. Rb8+ Kg7 29.
Nd3 e5 30. Nb4 Rc7 31. Re8 f5 32. Nd3 Kf7 33. Rh8 e4 34. Rxh7+ Bg7 35. Ne5+ Kg8 36. h5 Kxh7 0-1

[Event "*** SCC Grand Prix: Titled Tuesday Blitz"]
[Site "Chess.com"]
[Date "2020.08.25"]
[Round "4"]
[White "praveenb2002"]
[Black "penguingm1"]
[Result "0-1"]
[WhiteElo "2757"]
[BlackElo "2995"]
[TimeControl "180+1"]
[EndTime "10:40:42 PDT"]
[Termination "penguingm1 won by resignation"]

1. d4 d5 2. c4 e6 3. Nc3 Nf6 4. cxd5 exd5 5. Bg5 Be7 6. Qc2 c6 7. e3 Nbd7 8. Bd3 Nf8 9. Nge2 Ne6 10. Bh4 g6 11. f3 O-O 12. O-O-O b5 13. g4 a5 14. Bg3 a4 15. h4 Qa5 16. h5 g5 17. a3 b4 18. axb4 Qxb4 19. Kd2 Ba6 20. Bxa6 Rxa6 21. Ke1 Rfa8 22. Kf2 Rb6 23. Rb1 Ne8 24.
Nc1 Nd6 25. Nd3 Qb3 26. Qxb3 Rxb3 27. Rhc1 Nc4 28. Rc2 Bf6 29. Ra1 a3 30. bxa3 Nxd4 31. exd4 Bxd4+ 32. Ke2 Re8+ 33. Ne5 Bxc3 34. Rac1 Bxe5 35.
Kf2 Bxg3+ 36. Kxg3 Rxa3 0-1

[Event "*** SCC Grand Prix: Titled Tuesday Blitz"]
[Site "Chess.com"]
[Date "2020.08.25"]
[Round "4"]
[White "freshfoodcompany"]
[Black "WiktoriaPOL"]
[Result "1-0"]
[WhiteElo "2358"]
[BlackElo "1913"]
[TimeControl "180+1"]
[EndTime "10:40:42 PDT"]
[Termination "freshfoodcompany won by resignation"]

1. d4 Nf6 2. c4 g6 3. Nc3 Bg7 4. e4 d6 5. Nf3 O-O 6. Be2 e5 7. d5 Ne8 8. O-O f5 9. Bg5 Nf6 10. Nd2 f4 11. f3 h6 12. Bh4 g5 13. Bf2 h5 14. b4 g4 15. c5 Qe8 16. cxd6 cxd6 17.
Nb5 Qg6 18. Nc7 g3 19. Be1 gxh2+ 20. Kh1 Kh7 21. Nxa8 Bh6 22. Bh4 Rg8 23. Rf2 Bg5 24.
Bxg5 Qxg5 25. Rc1 h4 26. Nc7 Nh5 27. Nf1 Ng3+ 28. Nxg3 fxg3 29. f4 exf4 30. Rf3 Bg4 31. Ne6 Bxe6 32. dxe6 h3 33. Bf1 Nc6 34. Qd5 Ne5 35.
Rc7+ Kh8 36. Qd4 Rg7 37. Rxg7 Qxg7 38. Rxf4 Qg5 39. Qe3 Ng4 40. Rf8+ Kh7 41. Qxg5 Nf2+ 42. Rxf2 gxf2 43. Kxh2 1-0

[Event "*** SCC Grand Prix: Titled Tuesday Blitz"]
[Site "Chess.com"]
[Date "2020.08.25"]
[Round "4"]
[White "frequentblunders"]
[Black "boasovietica"]
[Result "0-1"]
[WhiteElo "2096"]
[BlackElo "2397"]
[TimeControl "180+1"]
[EndTime "10:40:43 PDT"]
[Termination "boasovietica won by resignation"]

1. e4 e5 2. Nf3 Nc6 3. Nc3 g6 4. d4 exd4 5. Nxd4 Bg7 6. Be3 Nf6 7. Bc4 O-O 8. O-O Re8 9. f3 Nxd4 10. Bxd4 d6 11. Qd2 Be6 12. Bxe6 Rxe6 13. Rad1 Nd7 14. Bxg7 Kxg7 15. Nd5 Nb6 16. Qd4+ Kg8 17. c4 Nxd5 18. cxd5 Re7 19. f4 Qd7 20. Qf6 Rae8 21. e5 dxe5 22. fxe5 Rxe5 23. d6 cxd6 24. Rxd6 Qe7 25. h3 Qxf6 26.
Rdxf6 R8e7 27. Kh2 Re2 28. R1f2 Rxf2 29. Rxf2 Kg7 30.
Kg3 f5 31. Kf4 Kf6 32. Rc2 g5+ 33. Kf3 f4 34. Rd2 Re3+ 35. Kg4 Rg3+ 36. Kh5 Ke6 37. Kh6 Ke5 38. Kxh7 Ke4 39. Kg6 Ke3 40. Rc2 Kd3 41.
Rc3+ Ke2 42. Rxg3 fxg3 43. Kxg5 Kf2 44. h4 Kxg2 45. h5 Kf2 46. h6 g2 47. h7 g1=Q+ 48. Kh6 Qh2+ 49. Kg7 Ke2 50. h8=Q Qe5+ 51. Kg8 Qxh8+ 52.
Kxh8 Kd2 53. Kg7 Kc2 54. Kf7 Kxb2 55. Ke7 Kxa2 56. Kd7 b5 0-1

[Event "*** SCC Grand Prix: Titled Tuesday Blitz"]
[Site "Chess.com"]
[Date "2020.08.25"]
[Round "4"]
[White "ChessicallyInclined"]
[Black "tptagain"]
[Result "0-1"]
[WhiteElo "2518"]
[BlackElo "2867"]
[TimeControl "180+1"]
[EndTime "10:40:45 PDT"]
[Termination "tptagain won by resignation"]

1. d4 Nf6 2. c4 g6 3. Nc3 Bg7 4. e4 d6 5. f3 O-O 6. Be3 c5 7. Nge2 Nc6 8. d5 Na5 9. Nc1 e6 10. Be2 exd5 11. cxd5 a6 12. a4 Nd7 13. O-O Nb6 14. Qc2 Nbc4 15. Bf2 f5 16. Nd3 Bd7 17.
Rac1 f4 18. Nd1 b5 19. axb5 axb5 20. b4 cxb4 21. Nxb4 Rc8 22. Qa2 g5 23. Nc6 Bxc6 24. dxc6 Rxc6 25. Nc3 Bxc3 26. Rxc3 Qf6 27. Rfc1 Rfc8 28.
Be1 Kf8 29. R3c2 Qd4+ 30. Bf2 Qe5 31. Rd1 Ne3 32. Rxc6 Nxc6 33. Bxe3 fxe3 34. Rd5 Nb4 35. Rxe5 Rc1+ 36. Bf1 Nxa2 37. Rf5+ Ke7 38. Rxb5 e2 39. Rb7+ Kf6 0-1

[Event "*** SCC Grand Prix: Titled Tuesday Blitz"]
[Site "Chess.com"]
[Date "2020.08.25"]
[Round "4"]
[White "english_player_89"]
[Black "MikaelyanArman"]
[Result "0-1"]
[WhiteElo "2499"]
[BlackElo "2799"]
[TimeControl "180+1"]
[EndTime "10:40:45 PDT"]
[Termination "MikaelyanArman won by checkmate"]

1. e4 c5 2. Nf3 Nc6 3. d4 cxd4 4. Nxd4 g6 5. c4 Bg7 6. Be3 Nf6 7. Nc3 O-O 8. Be2 d6 9. O-O Bd7 10. f3 Rc8 11.
Qd2 Qa5 12. Rac1 Rfd8 13. Rfd1 a6 14. b3 Nxd4 15. Bxd4 b5 16. cxb5 axb5 17. a4 bxa4 18. bxa4 Be6 19. Bb5 Rc7 20. Qe3 Nd7 21. Bxd7 Bxd4 22.
Qxd4 Rcxd7 23. Rb1 Rc8 24. Rdc1 h5 25. Nb5 Ra8 26.
Rb4 Rb7 27. h3 Bd7 28. Rcc4 Bxb5 29. axb5 Rxb5 30. Rxb5 Qxb5 31. Rb4 Qc6 32. Kh2 Rc8 33. Rb6 Qc7 34. Qb4 d5+ 35. Kh1 Qc1+ 36. Kh2 Qf4+ 37.
Kg1 Rc1+ 38. Kf2 Rc2+ 39. Ke1 Qc1# 0-1

[Event "*** SCC Grand Prix: Titled Tuesday Blitz"]
[Site "Chess.com"]
[Date "2020.08.25"]
[Round "4"]
[White "BjarkeSahl"]
[Black "EddieMarsalla"]
[Result "0-1"]
[WhiteElo "2318"]
[BlackElo "2545"]
[TimeControl "180+1"]
[EndTime "10:40:45 PDT"]
[Termination "EddieMarsalla won by resignation"]

1. e4 d5 2. d4 dxe4 3. Nc3 Nf6 4.
f3 exf3 5. Nxf3 Bg4 6. Bg5 Nbd7 7. h3 Bh5 8. d5 h6 9. Bh4 g5 10. Bg3 Bg7 11. Nb5 O-O 12. Be2 a6 13. Nbd4 Nxd5 14. Nf5 N7f6 15. c4 Nb4 16. Nxg7 Qxd1+ 17. Rxd1 Kxg7 18.
O-O c5 19. Be5 Rad8 20. a3 Nc6 21. Bc3 Nd4 22. Rd2 Bxf3 23. Bxf3 Nxf3+ 24. Rxf3 Rxd2 25. Bxd2 Ne4 26. Be1 Rd8 27. Kf1 e6 28. Ke2 f5 29.
Rb3 Rd7 30. g4 Kf6 31. Rb6 Nd6 32. b3 f4 33. Bc3+ e5 34. b4 Kf7 35. bxc5 Nxc4 36. Rxh6 e4 37. Rh7+ Ke6 38. Rxd7 Kxd7 39. Bf6 f3+ 40. Kf2 Nxa3 41. Bxg5 Nc4 42. h4 a5 43. h5 Ke6 44. h6 Kf7 45. Bc1 a4 46. g5 a3 0-1

[Event "*** SCC Grand Prix: Titled Tuesday Blitz"]
[Site "Chess.com"]
[Date "2020.08.25"]
[Round "4"]
[White "MrrRefrao"]
[Black "PattyCastillo"]
[Result "0-1"]
[WhiteElo "2194"]
[BlackElo "1920"]
[TimeControl "180+1"]
[EndTime "10:40:45 PDT"]
[Termination "PattyCastillo won on time"]

1. c4 c6 2. g3 d5 3. Bg2 Nf6 4.
Nf3 e6 5. O-O Nbd7 6. d4 Bd6 7.
Qc2 O-O 8. Nbd2 b6 9. e4 dxe4 10. Nxe4 Nxe4 11. Qxe4 Bb7 12. Bf4 Bxf4 13. Qxf4 c5 14.
Rfd1 Qf6 15. Qxf6 Nxf6 16. dxc5 bxc5 17. Ne5 Bxg2 18. Kxg2 Rfd8 19. f3 Rab8 20. b3 Kf8 21. Nc6 Rxd1 22. Rxd1 Rc8 23. Nxa7 Ra8 24. Nc6 Rxa2+ 25.
Kh3 g5 26. Ne5 Rb2 27. Rd3 Ke7 28. g4 Re2 29. Nc6+ Kf8 30. Kg3 h5 31. h4 hxg4 32. hxg5 Nh7 33. f4 f5 34. Rd8+ Kg7 35. Rd7+ Kg6 36.
Ne7+ Kh5 37. Ng8 Re3+ 38. Kg2 Nxg5 39. fxg5 Kxg5 40. Rg7+ Kf4 41. Nf6 Re2+ 42. Kf1 Rb2 43. Rc7 Kf3 44. Ke1 g3 0-1

[Event "*** SCC Grand Prix: Titled Tuesday Blitz"]
[Site "Chess.com"]
[Date "2020.08.25"]
[Round "4"]
[White "smshk35"]
[Black "ajdemipopushi"]
[Result "1-0"]
[WhiteElo "2468"]
[BlackElo "2291"]
[TimeControl "180+1"]
[EndTime "10:40:46 PDT"]
[Termination "smshk35 won on time"]

1. e4 c5 2. Nf3 g6 3. c3 d5 4. exd5 Qxd5 5. Na3 Bg7 6. Bc4 Qe4+ 7. Kf1 Nh6 8. d3 Qf5 9. Nb5 Na6 10. Qe2 O-O 11. h3 Qd7 12. Bg5 Nf5 13. g4 Nd6 14. Nxd6 exd6 15. Qe7 Qc6 16. Qe4 Nc7 17. Qxc6 bxc6 18.
Be7 Re8 19. Bxd6 Nb5 20. Bxc5 Be6 21. Bxe6 Rxe6 22. a4 Nc7 23. Nd4 Re5 24. b4 Nd5 25. Nxc6 Re6 26. Nd4 Ree8 27. c4 Nxb4 28. Bxb4 Bxd4 29.
Re1 Rxe1+ 30. Kxe1 Rb8 31. Ke2 Rxb4 32. Kf3 Rb2 33.
Ke4 Bxf2 34. c5 Bxc5 35. Rc1 Bb6 36. d4 Ra2 37. Rc4 Rd2 38. Ke3 Kf8 39. Kxd2 Ke7 40. Ke3 Kd6 41. Ke4 f6 42. Rc8 1-0